| TOP OF THE 1ST |
|
Columbus Jets batting - Pitching for Columbus Clippers : LHP Brooks Carey
|
|
Pitching: LHP Brooks Carey
|
|
|
Batting: LHB Craig Brooks
|
0-0: Fly out, F7 (Flyball, 7D, EV 105.0 MPH)
|
|
Batting: RHB Greg Schultz
|
0-0: Called Strike 0-1: Ball 1-1: Ball 2-1: Ground out 6-3 (Groundball, 6, EV 80.0 MPH)
|
|
Batting: RHB Danny Tartabull
|
0-0: Called Strike 0-1: Swinging Strike 0-2: Ball 1-2: SINGLE (Groundball, 56D, EV 103.1 MPH)
|
|
Batting: LHB Larry Sheets
|
0-0: Called Strike 0-1: Swinging Strike 0-2: Foul Ball, location: 2F 0-2: Fly out, F4 (Flyball, 4D, EV 75.0 MPH)
|
| Top of the 1st over - 0 runs, 1 hit, 0 errors, 1 left on base; Columbus 0 - Columbus 0 |
| BOTTOM OF THE 1ST |
|
Columbus Clippers batting - Pitching for Columbus Jets : RHP Sven Lamberts
|
|
Pitching: RHP Sven Lamberts
|
|
|
Batting: SHB Curt Wilkerson
|
0-0: Ball 1-0: Swinging Strike 1-1: SINGLE (Flyball, 89S, EV 96.3 MPH)
|
|
Batting: RHB Javier Leyva
|
0-0: Ball Curt Wilkerson is caught stealing 2nd base 2-4 1-0: Called Strike 1-1: Fly out, F9 (Line Drive, 9, EV 98.8 MPH)
|
|
Batting: LHB Denny Porter
|
0-0: Ball 1-0: Called Strike 1-1: Foul Ball, location: 2F 1-2: Ball 2-2: Ball 3-2: Strikes out swinging
|
| Bottom of the 1st over - 0 runs, 1 hit, 0 errors, 0 left on base; Columbus 0 - Columbus 0 |
| TOP OF THE 2ND |
|
Columbus Jets batting - Pitching for Columbus Clippers : LHP Brooks Carey
|
|
Batting: RHB Jim Maler
|
0-0: Ball 1-0: Ball 2-0: Ground out 6-3 (Groundball, 6, EV 96.3 MPH)
|
|
Batting: RHB Michael Ventress
|
0-0: Called Strike 0-1: Foul Ball, location: 2F 0-2: Ball 1-2: Foul Ball, location: 2F 1-2: Foul Ball, location: 2F 1-2: Ball 2-2: Foul Ball, location: 2F 2-2: Foul Ball, location: 2F 2-2: Ball 3-2: SINGLE (Line Drive, 4MD, EV 98.8 MPH)
|
|
Batting: RHB Glenn Goya
|
0-0: Foul Ball, location: 2F 0-1: Ball 1-1: Ball 2-1: Swinging Strike Michael Ventress is caught stealing 2nd base 2-4 2-2: Ball 3-2: Base on Balls
|
|
Batting: RHB Ray Smith
|
0-0: Called Strike 0-1: Foul Ball, location: 2F 0-2: Strikes out swinging
|
| Top of the 2nd over - 0 runs, 1 hit, 0 errors, 1 left on base; Columbus 0 - Columbus 0 |
| BOTTOM OF THE 2ND |
|
Columbus Clippers batting - Pitching for Columbus Jets : RHP Sven Lamberts
|
|
Batting: LHB Elijah Bonaparte
|
0-0: Called Strike 0-1: Ball 1-1: Fly out, F2 (Popup, 5SF, EV 83.1 MPH)
|
|
Batting: LHB Barry Butera
|
0-0: Ball 1-0: Ground out 6-3 (Groundball, 6, EV 81.9 MPH)
|
|
Batting: RHB Donell Nixon
|
0-0: Called Strike 0-1: Ball 1-1: Ball 2-1: DOUBLE (Line Drive, 7LM, EV 114.4 MPH)
|
|
Batting: LHB Jordan Medrano
|
0-0: Ball 1-0: Ball 2-0: Ball 3-0: Called Strike 3-1: Base on Balls
|
|
Batting: LHB Gene Gentile
|
0-0: SINGLE (Groundball, 34D, EV 95.0 MPH) Donell Nixon to third Jordan Medrano to second Runner from 3rd tries for Home, SAFE, throw by RF to home
|
|
Batting: RHB Alex Rodriguez
|
0-0: Called Strike 0-1: Fielders Choice at 2nd, 6-4 (Groundball, 6, EV 91.9 MPH)
|
| Bottom of the 2nd over - 1 run, 2 hits, 0 errors, 2 left on base; Columbus 0 - Columbus 1 |
| TOP OF THE 3RD |
|
Columbus Jets batting - Pitching for Columbus Clippers : LHP Brooks Carey
|
|
Batting: RHB Jackie Gutierrez
|
0-0: Foul Ball, location: 2F 0-1: SINGLE (Line Drive, 78M, EV 90.0 MPH)
|
|
Batting: LHB Craig Brooks
|
0-0: Called Strike 0-1: Fly out, F6 (Popup, 6, EV 76.3 MPH)
|
|
Batting: RHB Greg Schultz
|
0-0: Called Strike 0-1: Fly out, F3 (Popup, 34S, EV 86.9 MPH)
|
|
Batting: RHB Danny Tartabull
|
0-0: Ball 1-0: Ball 2-0: Ball 3-0: Called Strike 3-1: Base on Balls Jackie Gutierrez to second
|
|
Batting: LHB Larry Sheets
|
0-0: Ball 1-0: Fly out, F9 (Flyball, 9, EV 73.8 MPH)
|
| Top of the 3rd over - 0 runs, 1 hit, 0 errors, 2 left on base; Columbus 0 - Columbus 1 |
| BOTTOM OF THE 3RD |
|
Columbus Clippers batting - Pitching for Columbus Jets : RHP Sven Lamberts
|
|
Batting: SHB Curt Wilkerson
|
0-0: Ball 1-0: Ball 2-0: Swinging Strike 2-1: Ball 3-1: Foul Ball, location: 2F 3-2: Strikes out swinging
|
|
Batting: RHB Javier Leyva
|
0-0: Ball 1-0: Fly out, F9 (Flyball, 89S, EV 90.0 MPH)
|
|
Batting: LHB Denny Porter
|
0-0: Ball 1-0: Ball 2-0: Ball 3-0: Base on Balls
|
|
Batting: LHB Elijah Bonaparte
|
0-0: Ground out 6-3 (Groundball, 6MD, EV 103.8 MPH)
|
| Bottom of the 3rd over - 0 runs, 0 hits, 0 errors, 1 left on base; Columbus 0 - Columbus 1 |
| TOP OF THE 4TH |
|
Columbus Jets batting - Pitching for Columbus Clippers : LHP Brooks Carey
|
|
Batting: RHB Jim Maler
|
0-0: Ball 1-0: Ball 2-0: Called Strike 2-1: Foul Ball, location: 2F 2-2: Strikes out swinging
|
|
Batting: RHB Michael Ventress
|
0-0: Ball 1-0: Swinging Strike 1-1: Called Strike 1-2: Fly out, F9 (Flyball, 89D, EV 105.0 MPH)
|
|
Batting: RHB Glenn Goya
|
0-0: Ball 1-0: Called Strike 1-1: Ground out 5-3 (Groundball, 56, EV 106.9 MPH)
|
| Top of the 4th over - 0 runs, 0 hits, 0 errors, 0 left on base; Columbus 0 - Columbus 1 |
| BOTTOM OF THE 4TH |
|
Columbus Clippers batting - Pitching for Columbus Jets : RHP Sven Lamberts
|
|
Batting: LHB Barry Butera
|
0-0: Ball 1-0: Foul Ball, location: 2F 1-1: Fly out, F8 (Flyball, 78XD, EV 102.5 MPH)
|
|
Batting: RHB Donell Nixon
|
0-0: Called Strike 0-1: Ball 1-1: Ball 2-1: Called Strike 2-2: Strikes out swinging
|
|
Batting: LHB Jordan Medrano
|
0-0: Swinging Strike 0-1: Ball 1-1: Foul Ball, location: 2F 1-2: Strikes out swinging
|
| Bottom of the 4th over - 0 runs, 0 hits, 0 errors, 0 left on base; Columbus 0 - Columbus 1 |
| TOP OF THE 5TH |
|
Columbus Jets batting - Pitching for Columbus Clippers : LHP Brooks Carey
|
|
Batting: RHB Ray Smith
|
0-0: Ball 1-0: Ground out 5-3 (Groundball, 56S, EV 90.6 MPH)
|
|
Batting: RHB Jackie Gutierrez
|
0-0: Called Strike 0-1: Ball 1-1: Fly out, F9 (Flyball, 9, EV 85.6 MPH)
|
|
Batting: LHB Craig Brooks
|
0-0: Ball 1-0: Foul Ball, location: 2F 1-1: Foul Ball, location: 2F 1-2: Strikes out swinging
|
| Top of the 5th over - 0 runs, 0 hits, 0 errors, 0 left on base; Columbus 0 - Columbus 1 |
| BOTTOM OF THE 5TH |
|
Columbus Clippers batting - Pitching for Columbus Jets : RHP Sven Lamberts
|
|
Batting: LHB Gene Gentile
|
0-0: Ball 1-0: Called Strike 1-1: Ball 2-1: Called Strike 2-2: Foul Ball, location: 2F 2-2: Fly out, F9 (Flyball, 89D, EV 76.9 MPH)
|
|
Batting: RHB Alex Rodriguez
|
0-0: Ball 1-0: Swinging Strike 1-1: DOUBLE (Flyball, 89XD, EV 105.6 MPH)
|
|
Batting: SHB Curt Wilkerson
|
0-0: Ball 1-0: Fly out, F5 (Popup, 5, EV 67.5 MPH)
|
|
Batting: RHB Javier Leyva
|
0-0: Ground out 4-3 (Groundball, 4, EV 81.9 MPH)
|
| Bottom of the 5th over - 0 runs, 1 hit, 0 errors, 1 left on base; Columbus 0 - Columbus 1 |
| TOP OF THE 6TH |
|
Columbus Jets batting - Pitching for Columbus Clippers : LHP Brooks Carey
|
|
Batting: RHB Greg Schultz
|
0-0: Ball 1-0: Called Strike 1-1: Ground out 5-3 (Groundball, 56S, EV 75.0 MPH)
|
|
Batting: RHB Danny Tartabull
|
0-0: Foul Ball, location: 2F 0-1: Ball 1-1: Foul Ball, location: 2F 1-2: Fly out, F7 (Flyball, 7D, EV 93.1 MPH)
|
|
Batting: LHB Larry Sheets
|
0-0: Ball 1-0: Foul Ball, location: 2F 1-1: Ball 2-1: Ball 3-1: Called Strike 3-2: Foul Ball, location: 2F 3-2: Ground out 5-3 (Groundball, 56, EV 106.9 MPH)
|
| Top of the 6th over - 0 runs, 0 hits, 0 errors, 0 left on base; Columbus 0 - Columbus 1 |
| BOTTOM OF THE 6TH |
|
Columbus Clippers batting - Pitching for Columbus Jets : RHP Sven Lamberts
|
|
Batting: LHB Denny Porter
|
0-0: Foul Ball, location: 2F 0-1: Ball 1-1: Called Strike 1-2: Fly out, F8 (Flyball, 8RD, EV 98.8 MPH)
|
|
Batting: LHB Elijah Bonaparte
|
0-0: Foul Ball, location: 2F 0-1: Swinging Strike 0-2: Ball 1-2: Ball 2-2: Fly out, F5 (Popup, 56S, EV 68.8 MPH)
|
|
Batting: LHB Barry Butera
|
0-0: Ball 1-0: Ball 2-0: Swinging Strike 2-1: SINGLE (Flyball, 89S, EV 91.3 MPH)
|
|
Batting: RHB Donell Nixon
|
0-0: Called Strike 0-1: Ball 1-1: Foul Ball, location: 2F 1-2: Ball 2-2: Foul Ball, location: 2F 2-2: Foul Ball, location: 2F 2-2: Strikes out swinging
|
| Bottom of the 6th over - 0 runs, 1 hit, 0 errors, 1 left on base; Columbus 0 - Columbus 1 |
| TOP OF THE 7TH |
|
Columbus Jets batting - Pitching for Columbus Clippers : LHP Brooks Carey
|
|
Batting: RHB Jim Maler
|
0-0: Ball 1-0: Called Strike 1-1: Fly out, F8 (Flyball, 8LD, EV 104.4 MPH)
|
|
Batting: RHB Michael Ventress
|
0-0: Ball 1-0: Called Strike 1-1: Foul Ball, location: 2F 1-2: Ball 2-2: Foul Ball, location: 2F 2-2: Ball 3-2: Foul Ball, location: 2F 3-2: Base on Balls
|
|
Batting: RHB Glenn Goya
|
0-0: Grounds into double play, 4-6-3 (Groundball, 4, EV 88.1 MPH)
|
| Top of the 7th over - 0 runs, 0 hits, 0 errors, 0 left on base; Columbus 0 - Columbus 1 |
| BOTTOM OF THE 7TH |
|
Columbus Clippers batting - Pitching for Columbus Jets : RHP Sven Lamberts
|
|
Batting: LHB Jordan Medrano
|
0-0: Foul Ball, location: 2F 0-1: Swinging Strike 0-2: Strikes out swinging
|
|
Batting: LHB Gene Gentile
|
0-0: Ball 1-0: Fly out, F4 (Flyball, 34D, EV 81.9 MPH)
|
|
Batting: RHB Alex Rodriguez
|
0-0: Called Strike 0-1: Ball 1-1: Called Strike 1-2: Ground out 6-3 (Groundball, 6MD, EV 95.0 MPH)
|
| Bottom of the 7th over - 0 runs, 0 hits, 0 errors, 0 left on base; Columbus 0 - Columbus 1 |
| TOP OF THE 8TH |
|
Columbus Jets batting - Pitching for Columbus Clippers : LHP Brooks Carey
|
|
Batting: RHB Ray Smith
|
0-0: Called Strike 0-1: SINGLE (Line Drive, 8LS, EV 94.4 MPH)
|
|
Batting: RHB Jackie Gutierrez
|
0-0: Ball 1-0: Bunted foul 1-1: Ball 2-1: Bunt missed! 2-2: Ball 3-2: Fly out, F7 (Flyball, 78S, EV 88.8 MPH)
|
|
Batting: LHB Craig Brooks
|
0-0: Ball 1-0: Sac Bunt to 3S - play at first, batter OUT! 3-1 Ray Smith to second
|
|
Batting: RHB Greg Schultz
|
0-0: SINGLE (Groundball, 4MD, EV 105.6 MPH) Ray Smith to third Runner from 3rd tries for Home, SAFE, throw by CF to home
|
|
Batting: RHB Danny Tartabull
|
0-0: Called Strike 0-1: Ball 1-1: Ball 2-1: SINGLE (Groundball, 6MD, EV 96.9 MPH) Greg Schultz to second Runner from 2nd tries for 3rd, SAFE, no throw by CF
|
|
Batting: LHB Larry Sheets
|
0-0: Fly out, F2 (Popup, 23F, EV 82.5 MPH)
|
| Top of the 8th over - 1 run, 3 hits, 0 errors, 2 left on base; Columbus 1 - Columbus 1 |
| BOTTOM OF THE 8TH |
|
Columbus Clippers batting - Pitching for Columbus Jets : RHP Sven Lamberts
|
|
Batting: SHB Curt Wilkerson
|
0-0: Called Strike 0-1: Ball 1-1: SINGLE (Flyball, 8RS, EV 96.3 MPH)
|
|
Batting: RHB Javier Leyva
|
0-0: Ball 1-0: Called Strike 1-1: Sac Bunt to 13 - play at first, batter OUT! 1-4 Curt Wilkerson to second
|
|
Batting: LHB Denny Porter
|
0-0: Ball Curt Wilkerson is caught stealing 3rd base 2-5 1-0: Called Strike 1-1: Ball 2-1: Foul Ball, location: 2F 2-2: Ball 3-2: Strikes out looking
|
| Bottom of the 8th over - 0 runs, 1 hit, 0 errors, 0 left on base; Columbus 1 - Columbus 1 |
| TOP OF THE 9TH |
|
Columbus Jets batting - Pitching for Columbus Clippers : LHP Brooks Carey
|
|
Pitching: RHP Mark C Smith
|
|
|
Batting: RHB Jim Maler
|
0-0: Ground out 4-3 (Groundball, 4M, EV 103.1 MPH)
|
|
Batting: RHB Michael Ventress
|
0-0: Ball 1-0: Foul Ball, location: 2F 1-1: Ball 2-1: Ground out 5-3 (Groundball, 56S, EV 54.4 MPH)
|
|
Batting: RHB Glenn Goya
|
0-0: Foul Ball, location: 2F 0-1: Foul Ball, location: 2F 0-2: Strikes out swinging
|
| Top of the 9th over - 0 runs, 0 hits, 0 errors, 0 left on base; Columbus 1 - Columbus 1 |
| BOTTOM OF THE 9TH |
|
Columbus Clippers batting - Pitching for Columbus Jets : RHP Sven Lamberts
|
|
Pitching: RHP Owen Foley
|
|
|
Batting: LHB Elijah Bonaparte
|
0-0: Ground out 1-3 (Groundball, P, EV 66.9 MPH)
|
|
Batting: LHB Barry Butera
|
0-0: Ball 1-0: Ball 2-0: Foul Ball, location: 2F 2-1: Fly out, F8 (Flyball, 8RXD, EV 93.1 MPH)
|
|
Batting: RHB Donell Nixon
|
0-0: Ball 1-0: Ball 2-0: Ground out 6-3 (Groundball, 6S, EV 93.8 MPH)
|
| Bottom of the 9th over - 0 runs, 0 hits, 0 errors, 0 left on base; Columbus 1 - Columbus 1 |
| TOP OF THE 10TH |
|
Columbus Jets batting - Pitching for Columbus Clippers : RHP Mark C Smith
|
|
Batting: RHB Ray Smith
|
0-0: Called Strike 0-1: Ball 1-1: Swinging Strike 1-2: Ball 2-2: Ball 3-2: Fly out, F9 (Flyball, 9LM, EV 96.3 MPH)
|
|
Pinch Hitting: SHB Gary Pellant
|
0-0: Foul Ball, location: 2F 0-1: Swinging Strike 0-2: Ball 1-2: Ground out 6-3 (Groundball, 6, EV 104.4 MPH)
|
|
Batting: LHB Craig Brooks
|
0-0: Ball 1-0: Ball 2-0: Called Strike 2-1: Called Strike 2-2: Strikes out swinging
|
| Top of the 10th over - 0 runs, 0 hits, 0 errors, 0 left on base; Columbus 1 - Columbus 1 |
| BOTTOM OF THE 10TH |
|
Columbus Clippers batting - Pitching for Columbus Jets : RHP Owen Foley
|
|
Now at 2B: Gary Pellant
|
|
|
Batting: LHB Jordan Medrano
|
0-0: Ball 1-0: Fly out, F7 (Flyball, 78D, EV 96.9 MPH)
|
|
Batting: LHB Gene Gentile
|
0-0: Called Strike 0-1: Ball 1-1: Ball 2-1: Ball 3-1: SOLO HOME RUN (Flyball, 89XD, EV 100.0 MPH), Distance : 428 ft
|
| Bottom of the 10th over - 1 run, 1 hit, 0 errors, 0 left on base; Columbus 1 - Columbus 2 |
|